[Event "IIe Tournoi de GMI du C'Chartres Echecs"]
[Site "Chartres, France"]
[Date "2021.05.19"]
[Round "5.4"]
[White "David, Alberto"]
[Black "Shirazi, Kamran"]
[Result "1-0"]
[TimeControl "5400+30"]
[WhiteTitle "GM"]
[BlackTitle "IM"]
[WhiteElo "2517"]
[BlackElo "2349"]

1. d4 Nf6 2. c4 c6 3. Nc3 d5 4. Nf3 g6 5. e3 Bg7 6. Bd3 O-O 7. O-O b6 8. Qe2 Bb7 9. Rd1 Qc8 10.
e4 dxe4 11. Nxe4 Nbd7 12. Neg5 e6 13. Bf4 c5 14. Bd6 Bxf3 15. Nxf3 Re8 16. dxc5 e5 17. Bc2 Nxc5 18. b4 Nb7 19.
c5 bxc5 20. bxc5 e4 21. Ng5 Qf5 22. Nxf7 Nxc5 23. Bxc5 Qxc5 24. Bb3 e3 25. f4 Ne4 26. Ne5+ Kh8 27. Nf7+ Kg8 28. Ng5+ Kh8 29.
Nxe4 Rxe4 30. Rac1 Qb6 31. Bd5 Rb4 32. Bxa8 Rb2 33. Rc8+ Bf8 34. Rxf8+ Kg7 35. Rb8 1-0

[Event "IIe Tournoi de GMI du C'Chartres Echecs"]
[Site "Chartres, France"]
[Date "2021.05.19"]
[Round "5.5"]
[White "Duboue, Peio"]
[Black "Vlachos, Anatole"]
[Result "1-0"]
[TimeControl "5400+30"]
[WhiteTitle "FM"]
[BlackTitle "IM"]
[WhiteElo "2431"]
[BlackElo "2438"]

1. e4 e5 2. Nf3 Nc6 3. Bb5 a6 4. Bxc6 dxc6 5. O-O Bg4 6. h3 h5 7. d3 Qf6 8. Be3 Bxf3 9. Qxf3 Qxf3 10.
gxf3 Bd6 11. Nd2 Ne7 12. Rfd1 c5 13. Kf1 Nc6 14. c3 O-O-O 15. Ke2 b6 16. Nc4 a5 17. Rg1 g6 18. Rad1 a4 19.
Bc1 Rhe8 20. Ne3 Bf8 21. Nd5 Bg7 22. Be3 Kb7 23. Kd2 Na5 24. Bg5 Rd6 25. Kc2 c6 26. Ne3 Rd7 27. Ng2 Kc8 28.
b3 Ra7 29. Rb1 Nb7 30. b4 cxb4 31. Rxb4 b5 32. Be3 Ra8 33. f4 Bf8 34. Rbb1 exf4 35. Nxf4 Rb8 36. Ne2 Na5 37. f4 Kb7 38.
Rbf1 Bh6 39. Bd2 Ka6 40. f5 Bxd2 41. Kxd2 b4 42. fxg6 fxg6 43. cxb4 Rxb4 44. Kc3 Reb8 45. Rxg6 Rb2 46.
Rg8 Rxg8 47. Kxb2 Rg2 48. Re1 Rh2 49. Kc3 Rxh3 50. e5 Nb7 51. Nd4 c5 52. Nf5 Rf3 53. Ng7 Rf7 54. Nxh5 Kb5 55.
Nf6 Kc6 56. d4 cxd4+ 57. Kxd4 Nd8 58. Rc1+ Kb5 59. a3 Rg7 60. Ne4 Ne6+ 61. Kd5 Nf4 62. Kd6 Rg6+ 63. Nf6 Rg3 64. Rc5+ Ka6 65.
Rc4 Ng6 66. Rxa4+ Kb5 67. Ra8 Rd3+ 68. Ke6 Kc6 69. a4 Rd4 70. Ne8 Kb7 71. Ra5 Kb6 72. Rb5+ Kc6 73. Ra5 Kb6 74. Rb5+ Kc6 75. Rb1 Rxa4 76. Nd6 Nxe5 77. Kxe5 Ra2 78. Ne4 Rc2 79.
Rb8 Kc7 80. Rh8 Rc6 81. Kd5 Rg6 82. Rh1 Rg2 83. Rh7+ Kb6 84. Rh6+ Kc7 85. Rc6+ Kd7 86. Rc1 Rg6 87. Nc5+ Ke7 88.
Re1+ Kf7 89. Nd7 Rg5+ 90. Ne5+ Ke7 91. Ra1 Rh5 92. Ra7+ Ke8 93. Rg7 Rh6 94. Nc4 Kd8 95. Ra7 Ke8 96.
Nd6+ 1-0

[Event "IIe Tournoi de GMI du C'Chartres Echecs"]
[Site "Chartres, France"]
[Date "2021.05.19"]
[Round "6.1"]
[White "Dgebuadze, Alexandre"]
[Black "Loiseau, Quentin"]
[Result "0-1"]
[TimeControl "5400+30"]
[WhiteTitle "GM"]
[BlackTitle "IM"]
[WhiteElo "2490"]
[BlackElo "2455"]

1. c4 e6 2. Nf3 d5 3. e3 Nf6 4. Nc3 c6 5.
Qc2 Bd6 6. b3 O-O 7. Bb2 e5 8. Be2 e4 9. Nd4 a6 10. g4 Nxg4 11. Bxg4 Bxg4 12. Rg1 Qh4 13.
Nxe4 dxe4 14. Qxe4 h5 15. Nf5 Qxh2 16. Rxg4 hxg4 17. O-O-O Nd7 18. Qxg4 g6 19. Nxd6 Qxd6 20. Rh1 f5 21.
Qg5 Rf6 22. Rh6 Raf8 23. Qh4 Kf7 24. Rh7+ Ke8 25. Bxf6 Qxf6 26. Qf4 Qa1+ 27. Kc2 Qxa2+ 28. Kd3 Qxb3+ 29. Ke2 Rf7 30. Rh8+ Nf8 31.
Qb8+ Ke7 32. Qc7+ Nd7 33. Rh4 f4 34. Rxf4 Rxf4 35. Qxf4 Qc2 36. Qg5+ Ke6 37. Qg4+ Qf5 38. Qd4 Ne5 39.
f4 Qg4+ 40. Kf2 Qf3+ 41. Ke1 Qh1+ 42. Kf2 Qh2+ 43. Kf1 Qg1+ 44. Kxg1 Nf3+ 45. Kf2 Nxd4 46. exd4 b5 47. d3 b4 48. Ke3 a5 49. Kd2 a4 50.
Kc2 Kf5 51. d5 cxd5 52. c5 d4 0-1

[Event "IIe Tournoi de GMI du C'Chartres Echecs"]
[Site "Chartres, France"]
[Date "2021.05.19"]
[Round "6.2"]
[White "Vlachos, Anatole"]
[Black "Stephan, Victor"]
[Result "1-0"]
[TimeControl "5400+30"]
[WhiteTitle "IM"]
[BlackTitle "IM"]
[WhiteElo "2438"]
[BlackElo "2430"]

1. e4 c5 2. Nf3 d6 3. Bb5+ Bd7 4. Bxd7+ Qxd7 5. c4 Nf6 6. Nc3 g6 7. d4 cxd4 8. Nxd4 Bg7 9. f3 O-O 10.
Be3 Nc6 11. O-O Rac8 12. b3 Rfd8 13. Qd2 e6 14. Rad1 d5 15. Nxc6 bxc6 16. e5 Ne8 17. f4 Bf8 18. Qf2 Qb7 19.
Na4 dxc4 20. bxc4 Qa6 21. Qc2 Be7 22. Nc5 Qb6 23. Qf2 Rxd1 24. Rxd1 Qb4 25. Ne4 Qxc4 26. Nd6 Rd8 27. Nxc4 Rxd1+ 28. Qf1 Rxf1+ 29. Kxf1 c5 30. Na5 a6 31. Nc6 Bf8 32. Ke2 Nc7 33. Kd3 Nd5 34. Bd2 Kg7 35. Nb8 a5 36. Bxa5 Nxf4+ 37. Kc4 Nd5 38. Bd8 Ne3+ 39. Kd3 Nxg2 40. a4 c4+ 41. Kxc4 Ne3+ 42. Kb5 Nd5 43. a5 Nc3+ 44. Kc4 Ne4 45.
a6 Bc5 46. Nd7 Ba7 47. Bb6 1-0

[Event "IIe Tournoi de GMI du C'Chartres Echecs"]
[Site "Chartres, France"]
[Date "2021.05.19"]
[Round "6.4"]
[White "Milliet, Sophie"]
[Black "Duboue, Peio"]
[Result "1-0"]
[TimeControl "5400+30"]
[WhiteTitle "IM"]
[BlackTitle "FM"]
[WhiteElo "2390"]
[BlackElo "2431"]

1. e4 e5 2. Nf3 Nc6 3. Bb5 g6 4. d4 exd4 5. c3 a6 6. Bc4 Bg7 7. cxd4 b5 8. Bb3 d6 9. a4 b4 10.
a5 Nge7 11. d5 Nb8 12. Ba4+ Nd7 13. Nd4 O-O 14. Bg5 Ne5 15. O-O h6 16. Bh4 g5 17. Bg3 c5 18. dxc6 Qxa5 19. Nd2 Qb6 20.
N2b3 a5 21. Qc2 Ba6 22. Rfd1 Rac8 23. Bxe5 Bxe5 24. g3 Bb7 25. Rac1 Ba8 26. Qe2 Rfd8 27. Qh5 Bg7 28. h4 gxh4 29.
Qxh4 Ng6 30. Qh5 Re8 31. Nf5 Re6 32. Nxg7 Kxg7 33. Nd4 Qd8 34. Nf5+ Kf6 35. Nxh6 Rc7 36. Bb3 Re5 37. Ng4+ Ke7 38.
Nxe5 Nxe5 39. f4 Ng6 40. Qg5+ Ke8 41. Qxd8+ Kxd8 42. Rxd6+ 1-0

[Event "IIe Tournoi de GMI du C'Chartres Echecs"]
[Site "Chartres, France"]
[Date "2021.05.19"]
[Round "6.5"]
[White "Shirazi, Kamran"]
[Black "Flear, Glenn"]
[Result "1-0"]
[TimeControl "5400+30"]
[WhiteTitle "IM"]
[BlackTitle "GM"]
[WhiteElo "2349"]
[BlackElo "2431"]

1. e3 d5 2. c4 e6 3. b3 Nf6 4. Nf3 b6 5. Bb2 Bb7 6. g3 Nbd7 7. Bg2 Bd6 8. cxd5 exd5 9. O-O O-O 10.
Nc3 a6 11. Rc1 Qe7 12. Ne2 c5 13. d4 Rfd8 14. Nh4 g6 15. Nf4 cxd4 16. Bxd4 Be5 17. Nf3 Bxd4 18. Qxd4 Rac8 19. Bh3 Rxc1 20.
Rxc1 Qd6 21. b4 Re8 22. a3 a5 23. Nd2 axb4 24. axb4 Ne4 25. Bg2 Ndf6 26. Nxe4 Nxe4 27. h4 h5 28.
Rd1 Qf6 29. Qxf6 Nxf6 30. Nxd5 Bxd5 31. Bxd5 Nxd5 32. Rxd5 Re4 33. Rd4 Re6 34. Rd8+ Kg7 35. Rb8 Kf6 36. Rb7 Rd6 37. Kf1 Ke6 38.
Ke2 f5 39. b5 Kd5 40. Rc7 Ke6 41. Kf3 Ke5 42. Re7+ Kf6 43. Rb7 Ke5 44. Rb8 Kd5 45. Rc8 Ke5 46. Re8+ Kf6 47. e4 Rd3+ 48.
Kf4 fxe4 49. Rb8 Rd6 50. Kxe4 Ke6 51. Rb7 Kf6 52. f3 g5 53. hxg5+ Kxg5 54. Rg7+ Kf6 55. Rc7 Re6+ 56. Kf4 Rd6 57.
Rc6 Rxc6 58. bxc6 Ke6 59. g4 b5 60. g5 b4 61. g6 b3 62. c7 1-0

[Event "IIe Tournoi de GMI du C'Chartres Echecs"]
[Site "Chartres, France"]
[Date "2021.05.20"]
[Round "7.1"]
[White "Loiseau, Quentin"]
[Black "Shirazi, Kamran"]
[Result "1-0"]
[TimeControl "5400+30"]
[WhiteTitle "IM"]
[BlackTitle "IM"]
[WhiteElo "2455"]
[BlackElo "2349"]

1. e4 a6 2. d4 b5 3. c4 Bb7 4. f3 bxc4 5. Bxc4 e6 6. Nc3 Nf6 7. e5 Nd5 8. Nge2 Nxc3 9. bxc3 Qh4+ 10.
g3 Qd8 11. Rb1 Bxf3 12. O-O Be4 13. Bd3 d5 14. Bxe4 dxe4 15. Qc2 Be7 16. Qxe4 Nd7 17. Qg4 g5 18. Qh5 O-O 19. h4 f6 20.
exf6 Nxf6 21. Qxg5+ Kh8 22. Qe5 Qd5 23. Bh6 Rf7 24. Qxc7 Qxa2 25. Rb8+ 1-0

[Event "IIe Tournoi de GMI du C'Chartres Echecs"]
[Site "Chartres, France"]
[Date "2021.05.20"]
[Round "7.2"]
[White "David, Alberto"]
[Black "Vlachos, Anatole"]
[Result "1-0"]
[TimeControl "5400+30"]
[WhiteTitle "GM"]
[BlackTitle "IM"]
[WhiteElo "2517"]
[BlackElo "2438"]

1. e4 e5 2. Nf3 Nc6 3. d4 exd4 4. Nxd4 Nf6 5. Nxc6 bxc6 6. e5 Qe7 7. Qe2 Nd5 8. h4 c5 9. c4 Nb6 10.
Nc3 Ba6 11. b3 O-O-O 12. Bg5 f6 13. exf6 Qf7 14. O-O-O gxf6 15. Qf3 Bg7 16. h5 Rhf8 17. Be3 d6 18. Qf5+ Kb8 19. h6 Bh8 20.
Bd3 Rd7 21. Rh5 Qe8 22. Bd2 Re7 23. Qh3 f5 24. Rxf5 Rg8 25. Rf3 Bb7 26. Rg3 Rf8 27. f4 Qf7 28. Kc2 Qf6 29. Rg5 Qd4 30.
Qg3 Bc6 31. Rg8 Rxg8 32. Qxg8+ Kb7 33. Re1 Rxe1 34. Bxe1 d5 35. Qxh7 dxc4 36. Be4 cxb3+ 37. axb3 Nd5 38. Bxd5 Bxd5 39.
Nxd5 Qb2+ 40. Kd1 Qxb3+ 41. Ke2 Qa2+ 42. Kf3 Qxd5+ 43. Qe4 Kc6 44. g4 c4 45. g5 c3 46. Bxc3 1-0

[Event "IIe Tournoi de GMI du C'Chartres Echecs"]
[Site "Chartres, France"]
[Date "2021.05.20"]
[Round "7.4"]
[White "Duboue, Peio"]
[Black "Dgebuadze, Alexandre"]
[Result "0-1"]
[TimeControl "5400+30"]
[WhiteTitle "FM"]
[BlackTitle "GM"]
[WhiteElo "2431"]
[BlackElo "2490"]

1. e4 c5 2. c3 d6 3. d4 Nf6 4. Bd3 Nc6 5. d5 Ne5 6. Bc2 g6 7. f4 Ned7 8. Nf3 Qc7 9. a4 Bg7 10.
Na3 O-O 11. O-O a6 12. Kh1 Rb8 13. c4 Re8 14. Ng5 h6 15. Nf3 e5 16. dxe6 Rxe6 17. f5 Re7 18. fxg6 fxg6 19. e5 dxe5 20.
Bxg6 Nf8 21. Nh4 Nxg6 22. Nxg6 Rf7 23. Nxe5 Bg4 24. Qe1 Re8 25. Bf4 Rfe7 26. Nxg4 Qxf4 27. Qxe7 Qxf1+ 28. Rxf1 Rxe7 29.
Nxf6+ Bxf6 30. Nc2 Bxb2 31. Re1 Rd7 32. g4 Rd2 33. Ne3 Bf6 34. Nf5 Rc2 35. Re6 Bg5 36. h4 Bc1 37. Re8+ Kf7 38.
Rb8 Kf6 39. Rxb7 Rxc4 40. Rb6+ Ke5 41. Nxh6 Bxh6 42. Rxh6 Rxg4 43. Rxa6 c4 44. Kh2 Kd5 45. Ra8 c3 46. Rd8+ Ke4 47.
Kh3 Rg1 48. Rc8 Kd3 49. Kh2 Rg4 50. Kh3 Rc4 51. Rd8+ Rd4 52. Rc8 c2 53. Rxc2 Kxc2 54. a5 Kd3 55. a6 Ra4 56. h5 Ke4 57. Kg4 Ke5+ 58. Kg5 Ke6 59.
Kg6 Rg4 60. Kh7 Kf7 0-1

[Event "IIe Tournoi de GMI du C'Chartres Echecs"]
[Site "Chartres, France"]
[Date "2021.05.20"]
[Round "7.5"]
[White "Stephan, Victor"]
[Black "Milliet, Sophie"]
[Result "1-0"]
[TimeControl "5400+30"]
[WhiteTitle "IM"]
[BlackTitle "IM"]
[WhiteElo "2430"]
[BlackElo "2390"]

1. d4 Nf6 2. Nf3 e6 3. Bg5 h6 4. Bh4 b6 5. Nbd2 Bb7 6. e3 Be7 7. Bd3 g5 8. Bg3 g4 9. Nh4 Rg8 10.
h3 Nh5 11. hxg4 Nxg3 12. fxg3 Bd6 13. Nf1 Qg5 14. Be2 h5 15. gxh5 Bxg3+ 16. Nxg3 Qxg3+ 17. Kd2 Nc6 18. Qf1 O-O-O 19. c3 Ne7 20. Qxf7 Nd5 21. Rh3 Qg5 22. Ng6 Kb8 23. Rf1 Qxg2 24. Rhf3 a5 25. a3 b5 26. Nf4 Qg5 27. Nxd5 Qxd5 28.
R3f2 Qb3 29. Kc1 Be4 30. Bf3 Bd3 31. Rd1 Rdf8 32. Qxg8 Rxg8 33. Rxd3 b4 34. Bd1 Qc4 35. Rfd2 Rg1 36.
axb4 axb4 37. d5 e5 38. b3 Qxb3 39. cxb4 Qc4+ 40. Kb2 Kc8 41. Rb3 d6 42. Bc2 Rh1 43. b5 Qa4 44. Bd1 Qa5 45.
Rdd3 Rh2+ 46. Bc2 Kd8 47. e4 Qe1 48. b6 cxb6 49. Rdc3 Rh1 50. Rb4 Qa1+ 51. Kb3 Qa5 52. Ra4 Qb5+ 53.
Rb4 Qa6 54. Bd3 Qa1 55. Rc6 Rh3 56. Rc3 Qd1+ 57. Kc4 Ke7 58. Rxb6 Qa4+ 59. Rb4 Qa6+ 60. Rb5 Qa4+ 61. Rb4 Qa6+ 62.
Rb5 Kf6 63. Kb4 Qa7 64. Bc2 Qd4+ 65.
Rc4 Qa1 66. Bb3 Qb2 67. Ka4 Rh1 68. Rbb4 Qa1+ 69. Kb5 Rxh5 70. Rc6 Rh8 71. Rxd6+ Kg5 72. Rb6 Rc8 73. Rc4 Qf1 74. Rbc6 Rb8+ 75.
Rb6 Ra8 76. Ra6 Rf8 77. Rb6 Qd3 78. Kb4 Rf3 79. Ba4 Re3 80. d6 Rxe4 81. Rxe4 Qxe4+ 82. Ka5 Qd5+ 83. Bb5 e4 84. d7 e3 85. Re6 Qd2+ 86. Kb6 Qd4+ 87.
Ka6 Kf4 88. Re8 Qd6+ 89. Kb7 e2 90.
Rxe2 Qd5+ 91. Bc6 Qa5 92. Re8 Qb4+ 93. Kc8 1-0

[Event "IIe Tournoi de GMI du C'Chartres Echecs"]
[Site "Chartres, France"]
[Date "2021.05.20"]
[Round "8.1"]
[White "Dgebuadze, Alexandre"]
[Black "Shirazi, Kamran"]
[Result "1-0"]
[TimeControl "5400+30"]
[WhiteTitle "GM"]
[BlackTitle "IM"]
[WhiteElo "2490"]
[BlackElo "2349"]

1. e4 c5 2. Nc3 Nf6 3. e5 Ng8 4. Nf3 Nc6 5. d4 cxd4 6. Nxd4 Nxe5 7. Bf4 d6 8. Bb5+ Nd7 9. Qe2 e5 10.
Nf5 f6 11. Qc4 Qa5 12. b4 d5 13. Nxd5 Bxb4+ 14. Nxb4 exf4 15. O-O-O Nh6 16. Qe6+ Kd8 17. Rxd7+ 1-0

[Event "IIe Tournoi de GMI du C'Chartres Echecs"]
[Site "Chartres, France"]
[Date "2021.05.20"]
[Round "8.2"]
[White "Vlachos, Anatole"]
[Black "Flear, Glenn"]
[Result "0-1"]
[TimeControl "5400+30"]
[WhiteTitle "IM"]
[BlackTitle "GM"]
[WhiteElo "2438"]
[BlackElo "2431"]

1. e4 e5 2. Nf3 Nc6 3. Bc4 Bc5 4. c3 Nf6 5. d4 exd4 6. b4 Bb6 7. e5 d5 8. exf6 dxc4 9. Qe2+ Be6 10.
b5 d3 11. Qe4 Nb4 12. fxg7 Nc2+ 13. Kd1 Rg8 14. Bg5 Qd5 15. Qxh7 Kd7 16. Nbd2 Bf5 17. Qh6 Rae8 18. Rb1 Bxf2 19.
Qf6 Kc8 20. Nh4 Bxh4 21. Bxh4 Re6 22. Qg5 Rg6 23. Qf4 Rg4 24. Qf2 Rxh4 25. Kc1 Rg4 26. Rf1 Be6 27. Qxa7 b6 28. g3 R8xg7 29. Kb2 Rg8 30. Nf3 Kd7 0-1

[Event "IIe Tournoi de GMI du C'Chartres Echecs"]
[Site "Chartres, France"]
[Date "2021.05.20"]
[Round "8.3"]
[White "Maurizzi, Marc Andria"]
[Black "Loiseau, Quentin"]
[Result "1-0"]
[TimeControl "5400+30"]
[WhiteTitle "IM"]
[BlackTitle "IM"]
[WhiteElo "2489"]
[BlackElo "2455"]

1. e4 c5 2. Nf3 Nc6 3. Bb5 Nf6 4. Nc3 g6 5. O-O Bg7 6. e5 Ng4 7. Bxc6 dxc6 8. Re1 O-O 9. d3 b6 10.
Bf4 Nh6 11. Ne4 Ba6 12. e6 f6 13. h4 Nf5 14. c4 Nd4 15. Ng3 Qc8 16. Nxd4 cxd4 17. h5 f5 18. Qd2 c5 19. hxg6 hxg6 20.
Be5 Bf6 21. Qh6 Qe8 22. f4 Bxe5 23. fxe5 Bc8 24. Kf2 1-0

[Event "IIe Tournoi de GMI du C'Chartres Echecs"]
[Site "Chartres, France"]
[Date "2021.05.20"]
[Round "8.4"]
[White "Duboue, Peio"]
[Black "Stephan, Victor"]
[Result "1/2-1/2"]
[TimeControl "5400+30"]
[WhiteTitle "FM"]
[BlackTitle "IM"]
[WhiteElo "2431"]
[BlackElo "2430"]

1. e4 e5 2. Nf3 Nf6 3. Nc3 Nc6 4. d4 exd4 5. Nxd4 Bb4 6. Nxc6 bxc6 7. Bd3 d5 8. exd5 O-O 9. O-O cxd5 10.
Bg5 c6 11. Qf3 h6 12. Bxf6 Qxf6 13. Qxf6 gxf6 14. Ne2 Re8 15. Nd4 c5 16. a3 Ba5 17. Bb5 Rd8 18. Nc6 Bd7 19. Nxd8 Bxb5 20.
Nb7 Bxf1 21. Kxf1 Bb6 22. Nd6 Bc7 23. Nf5 Be5 24. Rb1 Kh7 25. Ne3 Rd8 26. Ke2 Kg6 27. b3 Bd4 28. Rd1 Re8 29.
Kd3 Bxe3 30. fxe3 Kf5 31. Rf1+ Ke5 32. Rf4 f5 33. Ra4 Re7 34. Ra6 c4+ 35. bxc4 dxc4+ 36. Kxc4 Ke4 37. g3 Rc7+ 38.
Kb3 Rb7+ 39. Kc3 Kxe3 40. Rf6 Rc7+ 41. Kb2 Kd2 42. Rxh6 Rb7+ 43. Ka2 Kxc2 44. Rc6 Kd3 45. h4 Ke4 46.
h5 Ke5 47. Ra6 f6 48. Ra5+ Ke4 49. Ra4+ Ke5 50. Rh4 Ke6 51. a4 Rg7 52. Rh3 Kf7 53. Kb3 Rg4 54. h6 Kg8 55. h7+ Kh8 56.
a5 f4 57. gxf4 Rxf4 58. Rh6 Rf5 59. a6 Rb5+ 60. Ka4 Rb6 61. Ka5 Re6 62. Kb5 Rb6+ 63. Ka5 Re6 64. Kb5 Rb6+ 65. Ka5 Re6 66.
Kb5 1/2-1/2

[Event "IIe Tournoi de GMI du C'Chartres Echecs"]
[Site "Chartres, France"]
[Date "2021.05.20"]
[Round "8.5"]
[White "Milliet, Sophie"]
[Black "David, Alberto"]
[Result "1/2-1/2"]
[TimeControl "5400+30"]
[WhiteTitle "IM"]
[BlackTitle "GM"]
[WhiteElo "2390"]
[BlackElo "2517"]

1. e4 c5 2. Nf3 e6 3. d4 cxd4 4. Nxd4 Nc6 5. Nc3 a6 6. Nxc6 bxc6 7. Bd3 d5 8. O-O Nf6 9. Qf3 Bb7 10.
Qg3 g6 11. Re1 Nh5 12. Qg4 d4 13. Nb1 e5 14. Bg5 Be7 15. Bh6 Bf8 16. Bg5 Be7 17. Bh6 Bf8 1/2-1/2

[Event "IIe Tournoi de GMI du C'Chartres Echecs"]
[Site "Chartres, France"]
[Date "2021.05.21"]
[Round "9.1"]
[White "Stephan, Victor"]
[Black "Dgebuadze, Alexandre"]
[Result "1/2-1/2"]
[TimeControl "5400+30"]
[WhiteTitle "IM"]
[BlackTitle "GM"]
[WhiteElo "2430"]
[BlackElo "2490"]

1. d4 e6 2. Nf3 Nf6 3. Bg5 h6 4. Bh4 b6 5. Nbd2 Bb7 6. e3 Be7 7. c3 Ne4 8. Bxe7 Qxe7 9. Nxe4 Bxe4 10.
Nd2 Bb7 11. Bd3 Qg5 12. Qe2 d6 13. f4 Qxg2 14. Qxg2 Bxg2 15. Rg1 Bb7 16. Rxg7 Nd7 17. Kf2 Nf6 18. Rag1 Nh5 19. R7g4 Nf6 20.
Rh4 Ke7 21. Rg3 Rag8 22. Be2 Rg6 23. Bd3 Rgg8 24. Be2 Rg6 25. Bd3 1/2-1/2

[Event "IIe Tournoi de GMI du C'Chartres Echecs"]
[Site "Chartres, France"]
[Date "2021.05.21"]
[Round "9.2"]
[White "Flear, Glenn"]
[Black "Milliet, Sophie"]
[Result "1/2-1/2"]
[TimeControl "5400+30"]
[WhiteTitle "GM"]
[BlackTitle "IM"]
[WhiteElo "2431"]
[BlackElo "2390"]

1. d4 Nf6 2. c4 c5 3. d5 b5 4. cxb5 a6 5. bxa6 g6 6. Nc3 Bxa6 7. e4 Bxf1 8. Kxf1 d6 9. Nf3 Bg7 10.
g3 O-O 11. Kg2 Nbd7 12. a4 Ra6 13. Qc2 Qa8 14. Re1 Rc8 15. Ra3 1/2-1/2

[Event "IIe Tournoi de GMI du C'Chartres Echecs"]
[Site "Chartres, France"]
[Date "2021.05.21"]
[Round "9.4"]
[White "Loiseau, Quentin"]
[Black "Vlachos, Anatole"]
[Result "1/2-1/2"]
[TimeControl "5400+30"]
[WhiteTitle "IM"]
[BlackTitle "IM"]
[WhiteElo "2455"]
[BlackElo "2438"]

1. d4 d5 2. c4 e6 3. Nf3 Nf6 4. g3 Be7 5. Bg2 O-O 6. Nc3 dxc4 7. Ne5 Nc6 8. Bxc6 bxc6 9. Nxc6 Qe8 10.
Nxe7+ Qxe7 11. Qa4 Nd5 12. Qxc4 1/2-1/2

[Event "IIe Tournoi de GMI du C'Chartres Echecs"]
[Site "Chartres, France"]
[Date "2021.05.21"]
[Round "9.5"]
[White "David, Alberto"]
[Black "Duboue, Peio"]
[Result "1-0"]
[TimeControl "5400+30"]
[WhiteTitle "GM"]
[BlackTitle "FM"]
[WhiteElo "2517"]
[BlackElo "2431"]

1. e4 e5 2. Nf3 Nc6 3. Bb5 g6 4. c3 a6 5. Ba4 Bg7 6. d4 exd4 7. cxd4 b5 8. Bb3 Nge7 9. a4 b4 10.
a5 d5 11. exd5 Nxd5 12. Bg5 Nf6 13. Ba4 Bd7 14. Ne5 Nb8 15. Bxd7+ Nbxd7 16. Nc6 Qc8 17. O-O Qb7 18. Re1+ Kf8 19.
Qf3 Qb5 20. Bd2 h5 21. Bxb4+ Kg8 22. Nc3 Qg5 23. h3 Kh7 24. Be7 Rhe8 25. Re5 Qh6 26. Re2 Kg8 27. Rae1 g5 28. Bxf6 Nxf6 29.
Nd5 Rxe2 30. Rxe2 Nxd5 31. Qxd5 Rf8 32. b4 g4 33. h4 Qc1+ 34. Kh2 Bf6 35. g3 Qf1 36. Qe4 Kg7 37. Rc2 Qb1 38.
Re2 Qf1 39. Qe3 Rh8 40. Qd2 Rh6 41. d5 Rg6 42. Qe1 Qh3+ 43. Kg1 Bxh4 44. gxh4 g3 45. fxg3 Qxh4 46. Rg2 Qh3 47. Qe5+ Kh7 48.
Ne7 Rd6 49. Rh2 1-0